AoeStats
← |GaoeG| flamingo

Lombardia

509188414Analyzed
4v4 RM · 6d ago on Sep 25, 2026· 45m 24s· 8 players
Game mode
Random Map
Map size
Large (8 player)
Population
200
Speed
Normal
Resources
Standard
Victory
Conquest
Starting age
Dark Age
Ending age
Imperial Age
RankedLock teamsTeams togetherTeam positionsShared explorationLock speedFull tech treeHidden civsTurbo modeCheats
Victory
Defeat
🇫🇷 Mapuche · France
1234
+13
🇪🇸 Lithuanians · Spain
1153
+16
🇺🇸 Magyars · United States
1148
+16
🇪🇸 Mongols · Spain
1094
+19
🇪🇸 Romans · Spain
1359
-23
🇪🇸 Vietnamese · Spain
1301
-21
🇪🇸 Franks · Spain
1165
-16
🇪🇸 Franks · Spain
804
-4
HotHardFatherDaddy
12:13 Feudal Age
13:50 Double-Bit Axe
17:43 Castle Age
16:06 Fletching
16:47 Gold Mining
17:45 Horse Collar
19:00 Loom
19:02 Town Watch
23:01 Bow Saw
24:03 Scale Barding Armor
23:59 Bodkin Arrow
26:46 Fervor
27:40 Wheelbarrow
27:40 Padded Archer Armor
28:31 Town Patrol
30:21 Bloodlines
31:56 Heavy Plow
32:42 Hand Cart
32:55 Leather Archer Armor
32:53 Murder Holes
33:15 Masonry
35:09 Chain Barding Armor
34:51 Scale Mail Armor
34:24 Pikeman
34:49 Arson
36:15 Murder Holes
39:14 Imperial Age
38:33 Chain Mail Armor
39:28 Gold Shaft Mining
38:44 Stone Mining
40:09 Capped Ram
40:17 Capped Ram
41:06 Bracer
41:31 Sappers
42:15 Siege Engineers
43:11 Chemistry
42:32 Ballistics
42:44 Halberdier
pituarthax
11:11 Feudal Age
9:29 Loom
11:14 Feudal Age
16:06 Castle Age
16:08 Bloodlines
24:55 Forging
25:18 Horse Collar
26:18 Scale Barding Armor
27:18 Husbandry
28:59 Town Watch
32:18 Chain Barding Armor
32:33 Iron Casting
33:10 Wheelbarrow
32:35 Town Patrol
37:53 Imperial Age
35:43 Heavy Plow
35:36 Double-Bit Axe
38:13 Cavalier
41:32 Hand Cart
43:25 Plate Barding Armor
Piquerito
11:05 Feudal Age
11:12 Feudal Age
16:32 Castle Age
14:50 Double-Bit Axe
15:34 Horse Collar
15:51 Gold Mining
16:57 Fletching
17:39 Bodkin Arrow
17:31 Loom
19:14 Padded Archer Armor
23:38 Ballistics
23:51 Leather Archer Armor
27:34 Wheelbarrow
27:02 Heavy Plow
27:13 Bow Saw
27:38 Gold Shaft Mining
30:19 Hand Cart
29:54 Town Watch
33:02 Town Patrol
35:34 Imperial Age
34:43 Scale Mail Armor
34:53 Forging
34:45 Stone Mining
36:00 Chain Mail Armor
35:08 Champi Runner
35:38 Pikeman
36:22 Arson
36:04 Champi Warrior
38:00 Iron Casting
37:58 Treadmill Crane
37:47 Elite Champi Warrior
39:57 Elite Bolas Rider
42:29 Ring Archer Armor
46:29 Plate Mail Armor
Kiko de la Rica
5:36 Loom
9:09 Feudal Age
10:00 Double-Bit Axe
14:03 Gold Mining
14:39 Fletching
14:53 Horse Collar
16:15 Town Watch
17:09 Wheelbarrow
17:02 Padded Archer Armor
21:43 Castle Age
22:44 Bodkin Arrow
23:04 Leather Archer Armor
24:25 Hand Cart
25:15 Gold Shaft Mining
27:05 Ballistics
31:55 Bloodlines
31:45 Husbandry
32:26 Heavy Plow
32:38 Bow Saw
37:00 Imperial Age
34:14 Light Cavalry
37:32 Elite Mangudai
39:19 Conscription
39:02 Town Watch
40:37 Chemistry
41:05 Drill
41:39 Bracer
42:29 Town Patrol
42:38 Siege Engineers
|GaoeG| Tifus
9:41 Loom
11:27 Feudal Age
13:50 Horse Collar
14:06 Double-Bit Axe
16:34 Castle Age
17:36 Bow Saw
17:26 Heavy Plow
22:28 Stone Mining
23:20 Town Watch
24:11 Wheelbarrow
26:43 Man-at-Arms
28:19 Pikeman
30:20 Scale Mail Armor
34:57 Squires
35:12 Forging
|GaoeG| flamingo
8:48 Loom
11:24 Feudal Age
15:35 Castle Age
14:15 Double-Bit Axe
14:13 Horse Collar
17:53 Bow Saw
18:51 Heavy Plow
25:14 Fletching
27:51 Gold Mining
28:42 Bodkin Arrow
28:48 Padded Archer Armor
32:44 Husbandry
33:29 Wheelbarrow
34:55 Bloodlines
38:44 Imperial Age
38:52 Imperial Age
36:38 Hand Cart
37:58 Thumb Ring
37:47 Heated Shot
38:31 Leather Archer Armor
39:43 Bracer
40:46 Chemistry
40:20 Ballistics
42:13 Heavy Cavalry Archer
claran33
12:47 Feudal Age
11:07 Loom
13:36 Gold Mining
13:51 Double-Bit Axe
16:56 Wheelbarrow
19:54 Castle Age
19:21 Wheelbarrow
20:26 Scale Mail Armor
20:27 Stone Mining
21:05 Pikeman
25:16 Bow Saw
32:08 Forging
32:39 Scale Barding Armor
35:42 Chain Barding Armor
41:24 Iron Casting
48:09 Imperial Age
Nicolass
10:26 Feudal Age
9:48 Loom
15:43 Castle Age
15:23 Double-Bit Axe
18:43 Bow Saw
27:54 Scale Barding Armor
28:02 Forging
31:28 Imperial Age
31:22 Chain Barding Armor
31:47 Cavalier
35:27 Husbandry
Connection lost

Rejoining the realm…

Still unreachable

The connection could not be restored.

Session expired

The server has moved on; the page needs a fresh start.